 Dungeon Crawl Stone Soup version 0.31.0-11-ge490571c62 (webtiles) character file.

Game seed: 4490542049321524329

11 DeltaZero the Sneak (level 2, 22/22 HPs)
             Began as a Vampire Brigand on Jan 30, 2024.
             Quit the game on level 1 of the Dungeon.
             The game lasted 00:01:13 (346 turns).

DeltaZero the Sneak (Vampire Brigand)                Turns: 346, Time: 00:01:14

Health: 22/22      AC:  3    Str: 10    XL:     2   Next: 13%
Magic:  2/2        EV: 12    Int: 13    God:
Gold:   39         SH:  0    Dex: 15    Spells: 1/1 levels left

rFire   . . .        a - +2 dagger
rCold   . . .        (no shield)
rNeg    . . .        b - +0 robe
rPois   .            (no helmet)
rElec   .            c - +0 cloak
rCorr   .            (no gloves)
SInv    +            (no boots)
Will    .....        (no amulet)
Stlth   +++          (no ring)
HPRegen 0.43/turn    (no ring)
MPRegen 0.08/turn

%: no passive effects
@: healing quickly
A: alive, fangs 3, see invisible, vampiric 1
a: Exsanguinate


You were on level 1 of the Dungeon.
You visited 1 branch of the dungeon, and saw 1 of its levels.

You collected 39 gold pieces.

Inventory:

Hand Weapons
 a - a +2 dagger (weapon)
Missiles
 d - 9 poisoned darts (quivered)
 e - 3 curare-tipped darts
Armour
 b - a +0 robe (worn)
 c - a +0 cloak (worn)
Scrolls
 f - a scroll of fog {unknown}
 g - a scroll of immolation {unknown}
 i - a scroll of identify {unknown}
Potions
 h - a potion of mutation {unknown}


   Skills:
 + Level 1.7 Fighting
 + Level 2.3 Short Blades
 + Level 1.7 Throwing
 + Level 1.1 Dodging
 + Level 6.4 Stealth


You had one spell level left.
You didn't know any spells.
Your spell library contained the following spells:

 Spells                   Type           Power      Damage    Failure   Level
 Apportation              Tloc           0%         N/A       30%         1
 Necrotise                Necr           0%         1d4       30%         1
 Sting                    Conj/Alch      0%         1d3       30%         1
 Summon Small Mammal      Summ           0%         N/A       30%         1


Dungeon Overview and Level Annotations

Branches:
Dungeon (1/15)

Altars:

Shops:
D:1 *[


Innate Abilities, Weirdness & Mutations

Your natural rate of healing is accelerated.
You have razor-sharp teeth.
You have supernaturally acute eyesight. (SInv)
You are afflicted with vampirism.


Message History

You now have 23 gold pieces (gained 9).
Found a ring mail.
No target in view!
No target in view!
No target in view!
You now have 39 gold pieces (gained 16).
Found a sling.
Found 3 stones.
A quokka comes into view.
The helpless quokka fails to defend itself.
You impale the quokka!!
You kill the quokka!
No target in view!
No target in view!
i - a scroll labelled FAATZOARGHYPH A bat comes into view.
A bat is nearby!
The bat hits you but does no damage.
You hit the bat but do no damage. Your bite misses the bat.
The bat closely misses you. The bat misses you. The bat closely misses you.
You hit the bat.
You kill the bat!
No target in view!
No target in view!
Found Vocich's Assorted Antiques.
No target in view!
A ball python comes into view.
A ball python is nearby!
You hit the ball python.
The ball python is moderately wounded.
The ball python closely misses you. The ball python grabs you.
The ball python constricts you.
The ball python bites you but does no damage.
The ball python constricts you.
You hit the ball python.
You kill the ball python!
No target in view!
There is an entrance to Vocich's Assorted Antiques here.
Are you sure you want to abandon this character and quit the game? (Confirm with "yes".)

#.#..............
#.#..#...########
#.#..#...#
###.#......##
#.....#.....#
####.......#.#.#
#.......#..#.#.#
#.......#..#.#.#
#....@..#..#.#.#
#.......#..#...#
#........#..#####
#........#
#....##... #....
.### #.... ..
#.... ##


There were no monsters in sight!

Vanquished Creatures
  An endoplasm (D:1)
  A giant cockroach (D:1)
  3 hobgoblins (D:1)
  A quokka (D:1)
  A ball python (D:1)
  A bat (D:1)
  A kobold (D:1)
  A rat (D:1)
10 creatures vanquished.

Notes
Turn   | Place    | Note
-------+----------+-------------------------------------------
     0 | D:1      | DeltaZero the Vampire Brigand began the quest for the Orb.
     0 | D:1      | Reached XP level 1. HP: 16/16 MP: 1/1
    24 | D:1      | Found Syboymm's Armour Shoppe.
   135 | D:1      | Reached skill level 6 in Stealth
   173 | D:1      | Reached XP level 2. HP: 19/22 MP: 2/2
   331 | D:1      | Found Vocich's Assorted Antiques.
   346 | D:1      | Quit the game

Illustrated notes

Levels and vault maps discovered:
D:1:      roderic_crop_circles_arrival_small, layout_basic, serial_shops, shop,
          nicolae_shop_statue_plus, shop, shop_coins, shop,
          nicolae_kite_square_tiling_tiny

Skill      XL: |  1 |
---------------+----+-----
Stealth        | 6 |  6.4
Fighting       | |  1.7
Short Blades   | |  2.3
Throwing       | |  1.7
Dodging        | |  1.1

Action                     || total
---------------------------++-------
  Melee: Dagger            ||    21
         Bite              ||     4
   Stab: Sleeping          ||     3
 Armour: Robe              ||     6
  Dodge: Dodged            ||    12
